 Dungeon Crawl Stone Soup version 0.29.1-15-g9cfb28693d (webtiles) character file.

Game seed: 5556870004853097490

330 monsoonserge the Sneak (level 6, 0/49 HPs)
             Began as a Spriggan Enchanter on Apr 25, 2023.
             Slain by a mummy (9 damage)
             ... in an ossuary.
             The game lasted 00:11:40 (3478 turns).

monsoonserge the Sneak (Spriggan Enchanter)         Turns: 3478, Time: 00:11:40

Health: 0/49       AC: 23    Str:  4    XL:     6   Next: 26%
Magic:  8/12       EV:  4    Int: 19    God:
Gold:   168        SH:  0    Dex: 15    Spells: 6/11 levels left

rFire   . . .      SeeInvis +   o - +2 dagger (holy)
rCold   . . .      Faith    .   (no shield)
rNeg    . . .      Spirit   .   (body armour currently unavailable)
rPois   +          Reflect  .   (helmet currently unavailable)
rElec   .          Harm     .   (cloak currently unavailable)
rCorr   .          Rampage  .   (gloves unavailable)
Will    +....      NoTele   +   (boots unavailable)
Stlth   ++++......              (no amulet)
HPRegen 0.16/turn               e - ring of wizardry
MPRegen 0.13/turn               (no ring)

@: tree-form
A: stationary, stasis, torment immunity, boosted hp, very small, no large
weapons, unfitting armour, see invisible, (speed 3), robust 1, evolution 1
a: no special abilities


You were in an ossuary.
You were a tree.
You visited 1 branch of the dungeon, and saw 4 of its levels.
You also visited: Ossuary.

You collected 168 gold pieces.

Inventory:

Hand Weapons
 o - a +2 dagger of holy wrath (weapon)
 s - a +0 sling
 w - a +1 dagger of speed
Missiles
 f - 14 stones (quivered)
 h - a throwing net
 x - 5 poisoned darts
Armour
 p - a +1 animal skin (melded)
Jewellery
 e - a ring of wizardry (left branch)
Scrolls
 c - a scroll of immolation {unknown}
 d - a scroll of butterflies {unknown}
 g - a scroll of enchant armour {unknown}
 k - 2 scrolls of identify {unknown}
 l - a scroll of magic mapping {unknown}
 q - a scroll of vulnerability {unknown}
 u - a scroll of teleportation {unknown}
Potions
 a - a potion of lignification
 b - 2 potions of curing {unknown}
 i - a potion of resistance {unknown}
 j - a potion of mutation
 m - a potion of attraction {unknown}
 n - a potion of haste {unknown}
 r - a potion of might {unknown}
 t - a potion of heal wounds {unknown}
 v - a potion of degeneration {unknown}


   Skills:
 + Level 1.0 Fighting
 + Level 2.7 Short Blades
 + Level 3.5 Dodging
 + Level 7.6 Stealth
 + Level 3.3 Spellcasting
 + Level 4.4 Hexes
 * Level 1.5 Ice Magic


You had 6 spell levels left.
You knew the following spells:

 Your Spells              Type           Power      Damage    Failure   Level
a - Ensorcelled Hibernat  Hex/Ice        28%        N/A       2%          2
b - Confusing Touch       Hex            20%        N/A       2%          3

Your spell library contained the following spells:

 Spells                   Type           Power      Damage    Failure   Level
 Tukima's Dance           Hex            20%        N/A       2%          3
 Necrotise                Necr           12%        1d4       6%          1
 Dazzling Flash           Conj/Hex       22%        N/A       8%          3
 Vampiric Draining        Necr           3%         2d6       17%         3
 Agony                    Necr           3%         N/A       82%         5


Dungeon Overview and Level Annotations

Branches:
Dungeon (4/15)            Ossuary (1/1)
 Temple: D:4-7

Altars:
Elyvilon
Yredelemnul


Innate Abilities, Weirdness & Mutations

You are a tree.
Your roots penetrate the ground, keeping you stationary.
You cannot be teleported.
You are immune to unholy pain and torment.
Your maximum health is greatly increased.
Your equipment is partially melded.
You are very small and have problems with some larger weapons.
You are too small for most types of armour.
You have supernaturally acute eyesight. (SInv)
((You cover ground extremely quickly. (Speed+++)))
You are robust. (+10% HP)
You have hidden genetic potential.


Message History

You throw a stone. The stone barely misses the mummy.
The stone hits the mummy but does no damage.
Throw: 17 stones
Press: ? - help, Q - select action, (/) - cycle Shift-Dir - straight line, f - mummy, p - mummy
Aim: a mummy (chance to confuse on hit: 52%, 73% to hit)
You throw a stone.
The stone hits the mummy but does no damage.
Throw: 16 stones
Press: ? - help, Q - select action, (/) - cycle Shift-Dir - straight line, f/p - mummy
Aim: a mummy (chance to confuse on hit: 52%, 73% to hit)
You throw a stone.
The stone hits the mummy but does no damage.
Press: ? - help, v - describe, . - travel
Here: a mummy (chance to confuse on hit: 52%)
The floor.
There are monsters nearby!
Throw: 15 stones
Press: ? - help, Q - select action, (/) - cycle Shift-Dir - straight line, f/p - mummy
Aim: a mummy (chance to confuse on hit: 52%, 73% to hit)
You throw a stone.
The stone barely misses the hobgoblin zombie.
The stone hits the mummy but does no damage.
Your hands stop glowing.
You barely miss the hobgoblin zombie.
You hit the hobgoblin zombie but do no damage.
The hobgoblin zombie closely misses you.
It was a potion of mutation.
You feel extremely strange.
You feel a hidden potential growing inside you.
You feel robust.
It was a potion of lignification.
You turn into a tree.
Your +1 animal skin melds into your body.
Your roots penetrate the ground.
Casting: Confusing Touch (dangerous; 2% risk of failure)
Confirm with . or Enter, or press ? or * to list all spells.
Your branches begin to glow red.
The mummy hits you but does no damage.
You hit the mummy but do no damage.
The mummy appears confused.
The mummy is lightly damaged.
The hobgoblin zombie hits you but does no damage.
The mummy barely misses you. The mummy hits you!
You die...

#################
#.#.#.#.#.#.#.#.#
#...............# #####
#............Z..# ##...##
##............M♣.###.....##
##.............M...........#
...∩..................∩.∩..#
##.........................#
##...............###.....##
#...............# ##...##
#...............# #####
#.#.#.#.#.#.#.#.#
#################


You could see 2 mummies and a hobgoblin zombie.

Vanquished Creatures
  Grinder (D:3)
  Robin (D:2)
  4 adders (D:3)
  A worm (D:3)
  A dart slug (D:1)
  4 bats
  5 endoplasms
  A giant cockroach (D:1)
  2 gnoll zombies (Ossuary)
  16 goblins
  6 hobgoblins
  10 ball pythons
  A frilled lizard (D:2)
  2 goblin zombies (Ossuary)
  6 hobgoblin zombies (Ossuary)
  4 kobolds
  3 orc zombies (Ossuary)
  7 rats
75 creatures vanquished.

Notes
Turn   | Place    | Note
-------+----------+-------------------------------------------
     0 | D:1      | monsoonserge the Spriggan Enchanter began the quest for the
                  | Orb.
     0 | D:1      | Reached XP level 1. HP: 9/9 MP: 5/5
   484 | D:1      | Reached XP level 2. HP: 13/13 MP: 7/7
  1223 | D:1      | Reached skill level 5 in Stealth
  1537 | D:2      | Reached XP level 3. HP: 16/16 MP: 8/8
  1701 | D:2      | Noticed Robin
  1728 | D:2      | Killed Robin
  2056 | D:2      | Learned a level 2 spell: Ensorcelled Hibernation
  2060 | D:2      | Learned a level 3 spell: Confusing Touch
  2535 | D:3      | Found a white marble altar of Elyvilon.
  2592 | D:3      | Noticed Grinder
  2604 | D:3      | Killed Grinder
  2605 | D:3      | Reached skill level 1 in Fighting
  2605 | D:3      | Reached skill level 7 in Stealth
  2605 | D:3      | Reached skill level 1 in Ice Magic
  2605 | D:3      | Reached XP level 4. HP: 5/22 MP: 6/10
  2605 | D:3      | Reached XP level 5. HP: 6/25 MP: 6/11
  2605 | D:3      | Reached XP level 6. HP: 7/30 MP: 6/12
  3153 | D:3      | Found a basalt altar of Yredelemnul.
  3376 | D:4      | Found a sand-covered staircase.
  3385 | Ossuary  | Entered an ossuary
  3475 | Ossuary  | Gained mutation: You have hidden genetic potential. [potion
                  | of mutation]
  3475 | Ossuary  | Gained mutation: You are robust. (+10% HP) [potion of
                  | mutation]
  3478 | Ossuary  | Slain by a mummy

Illustrated notes

Levels and vault maps discovered:
D:1:      dpeg_arrival_more_subterranean_lakeside_camping, layout_basic
D:2:      layout_loops_ring, nicolae_hexahallways, uniq_robin
D:3:      minmay_skewed_foursquare, layout_rooms, kennysheep_ying_yang,
          hangedman_decor_lopped, uniq_grinder
D:4:      layout_loops_ring, lemuel_temple_firewalk_b,
          lightli_ossuary_entry_decrepit_ruins, uniq_natasha, uniq_blork_the_orc
Ossuary:  minmay_ossuary_gauntlet

Skill      XL: |  1  2  3 |
---------------+----------+-----
Spellcasting   | 3 |  3.3
Hexes          | 4 |  4.4
Stealth        | 5 7 |  7.6
Dodging        | 3 |  3.5
Fighting       | 1 |  1.0
Short Blades   | 2 |  2.7
Ice Magic      | 1 |  1.5

Action                   |  1- 3 |  4- 6 || total
-------------------------+-------+-------++-------
Melee: Dagger            |   107 |    63 ||   170
       Punch             |     1 |       ||     1
Throw: Stone             |       |     4 ||     4
 Cast: Confusing Touch   |     1 |     2 ||     3
       Ensorcelled Hiber |       |    10 ||    10
  Use: Potion            |     2 |     2 ||     4
 Stab: Sleeping          |    12 |    16 ||    28
       Invisible         |    10 |     2 ||    12
Armor: Robe              |    11 |       ||    11
       Animal skin       |     1 |     9 ||    10
       Skin              |       |     2 ||     2
Dodge: Dodged            |    50 |    34 ||    84
